Map: Bel'Shir Vestige LE (Void)

Players

FLORENCIO - Winner!

  • Race: Protoss Protoss
  • League: Master
  • Spawn Location: 5:00

BassHabit

  • Race: Zerg Zerg
  • League: Master
  • Spawn Location: 11:00

VOD

Have the link to the VOD?

Description

Time

  • Played on: Feb. 20, 2017, 11:26 p.m.
  • Length: 13:08
Show
View Real Time Build Order
Export as new Build Order

FLORENCIO Protoss - Winner!

Build Orders:  

Get SALT Encoding   

  12  0:01  Probe (Chrono Boost)  
  13  0:11  Probe (Chrono Boost)  
  14  0:26  Probe (Chrono Boost), Pylon  
  15  0:44  Probe (Chrono Boost)  
  16  0:53  Forge  
  16  0:54  Probe (Chrono Boost)  
  17  1:05  Probe (Chrono Boost)  
  18  1:16  Probe (Chrono Boost)  
  19  1:26  Probe (Chrono Boost)  
  19  1:30  Photon Cannon  
  19  1:32  Gateway  
  20  1:36  Pylon  
  20  1:43  Pylon  
  20  1:50  Probe (Chrono Boost)  
  21  2:03  Photon Cannon  
  21  2:09  Pylon  
  21  2:11  Probe (Chrono Boost)  
  22  2:16  Assimilator  
  22  2:20  Assimilator  
  22  2:28  Photon Cannon  
  22  2:37  Photon Cannon  
  22  2:39  Photon Cannon  
  22  2:42  Photon Cannon  
  22  2:46  Probe (Chrono Boost)  
  22  2:49  Photon Cannon  
  23  2:57  Probe (Chrono Boost)  
  24  3:02  Pylon  
  24  3:07  Probe (Chrono Boost)  
  24  3:12  Pylon  
  25  3:16  Cybernetics Core  
  25  3:18  Probe (Chrono Boost)  
  25  3:32  Probe (Chrono Boost)  
  26  3:47  Nexus  
  26  4:05  Mothership Core (Chrono Boost)  
  28  4:16  Photon Cannon  
  27  4:34  Photon Cannon  
  27  4:57  Pylon  
  27  4:59  Probe (Chrono Boost), Assimilator  
  28  5:03  Probe (Chrono Boost), Assimilator  
  29  5:10  Probe (Chrono Boost)  
  30  5:15  Photon Cannon  
  30  5:19  Probe (Chrono Boost)  
  30  5:20  Probe (Chrono Boost)  
  32  5:29  Probe (Chrono Boost)  
  33  5:42  Stargate  
  33  5:45  Stargate  
  33  5:46  Stargate  
  33  5:50  Pylon  
  33  5:58  Pylon  
  33  6:03  Probe (Chrono Boost)  
  34  6:14  Probe (Chrono Boost)  
  34  6:24  Probe (Chrono Boost)  
  35  6:27  Void Ray  
  35  6:28  Void Ray  
  43  6:35  Probe (Chrono Boost)  
  44  6:45  Probe (Chrono Boost)  
  43  6:51  Pylon  
  43  6:55  Void Ray  
  47  7:05  Probe (Chrono Boost)  
  47  7:07  Photon Cannon  
  48  7:16  Probe (Chrono Boost), Void Ray  
  48  7:19  Probe (Chrono Boost)  
  54  7:26  Probe (Chrono Boost)  
  55  7:33  Oracle  
  64  8:25  Oracle x2  
  64  8:26  Oracle  
  57  8:35  Photon Cannon  
  57  8:40  Photon Cannon, Pylon  
  57  8:42  Probe (Chrono Boost)  
  58  8:53  Probe (Chrono Boost)  
  59  9:01  Oracle x2  
  65  9:03  Oracle  
  68  9:15  Pylon  
  68  9:20  Nexus  
  68  9:21  Pylon  
  68  9:37  Oracle x2  
  74  9:45  Oracle  
  77  10:00  Nexus  
  74  10:22  Oracle x3  
  83  10:31  Pylon  
  83  11:06  Forge  
  83  11:07  Probe (Chrono Boost)  
  83  11:09  Void Ray x3  
  96  11:17  Probe (Chrono Boost)  
  97  11:28  Probe (Chrono Boost)  
  97  11:29  Gateway  
  97  11:30  Gateway  
  97  11:32  Gateway  
  98  11:34  Probe (Chrono Boost), Pylon  
  98  11:35  Pylon  
  98  11:36  Probe (Chrono Boost)  
  98  11:38  Probe (Chrono Boost)  
  98  11:39  Assimilator  
  101  11:41  Assimilator  
  101  11:44  Probe (Chrono Boost)  
  103  11:47  Probe (Chrono Boost)  
  103  11:49  Probe (Chrono Boost)  
  100  11:55  Oracle x2, Probe (Chrono Boost)  
  100  11:56  Oracle  
  100  11:57  Probe (Chrono Boost)  
  100  11:59  Probe (Chrono Boost)  
  112  12:08  Probe (Chrono Boost)  
  113  12:10  Probe (Chrono Boost)  
  108  12:18  Probe (Chrono Boost)  
  109  12:27  Zealot x2  
  113  12:31  Oracle x2  
  113  12:36  Assimilator x2  
  119  12:39  Pylon  
  119  12:41  Pylon  
Show
View Real Time Build Order
Export as new Build Order

BassHabit Zerg 

Build Orders: Pool First 

Get SALT Encoding   

  12  0:01  Drone  
  13  0:12  Overlord  
  13  0:18  Drone  
  14  0:31  Drone x2  
  14  0:34  Drone  
  17  0:45  Extractor  
  17  0:48  Spawning Pool  
  17  0:49  Drone  
  16  0:59  Drone  
  17  1:10  Drone  
  18  1:24  Overlord  
  18  1:29  Drone  
  19  1:35  Queen  
  21  1:46  Hatchery  
  20  1:52  Metabolic Boost  
  20  1:54  Zergling x2  
  20  1:57  Drone  
  22  2:12  Zergling x4  
  24  2:15  Evolution Chamber  
  24  2:19  Queen  
  25  2:23  Overlord  
  25  2:37  Zergling x2  
  26  2:41  Zerg Melee Weapons Level 1  
  26  2:43  Zergling x4  
  26  2:44  Zergling x2  
  29  2:58  Zergling x2  
  30  3:13  Drone  
  29  3:30  Overlord  
  29  3:33  Zergling x4  
  29  3:34  Zergling x6  
  27  4:14  Overlord  
  27  4:15  Drone x4  
  27  4:16  Drone x3  
  34  4:19  Hatchery  
  31  4:39  Spine Crawler  
  29  4:50  Drone x3  
  29  4:51  Drone x2  
  33  5:03  Drone  
  34  5:08  Extractor  
  34  5:09  Hatchery  
  32  5:17  Drone x2  
  32  5:18  Drone  
  35  5:57  Spore Crawler  
  35  5:58  Lair  
  35  5:59  Zergling x8  
  35  6:00  Queen  
  40  6:06  Drone  
  40  6:07  Drone x2  
  40  6:10  Overlord  
  43  6:11  Zergling x2  
  43  6:16  Roach Warren  
  43  6:36  Drone x3  
  43  6:38  Drone  
  43  6:39  Drone  
  47  6:41  Extractor  
  43  6:50  Spore Crawler, Drone x2  
  43  6:51  Spore Crawler, Drone x3  
  46  7:05  Overseer  
  46  7:09  Drone x2  
  46  7:10  Hydralisk Den, Drone  
  46  7:11  Drone  
  46  7:14  Drone x4  
  53  7:21  Drone  
  54  7:29  Spore Crawler  
  53  7:31  Spore Crawler, Queen  
  53  7:32  Drone  
  53  7:33  Hatchery  
  53  7:35  Zerg Missile Weapons Level 1  
  54  7:38  Queen  
  56  7:47  Spore Crawler  
  56  7:51  Hydralisk x5, Spore Crawler  
  51  7:53  Hydralisk  
  61  7:59  Hydralisk x2  
  61  8:03  Spore Crawler  
  64  8:27  Muscular Augments  
  64  8:31  Drone  
  64  8:32  Queen, Drone x2  
  69  8:38  Overlord x3  
  69  8:48  Queen  
  69  8:49  Drone  
  69  8:55  Overlord  
  72  8:56  Hydralisk x5  
  82  9:04  Overlord x2  
  82  9:17  Spore Crawler  
  82  9:19  Spore Crawler  
  82  9:22  Drone x3  
  83  9:31  Zerg Missile Weapons Level 2  
  86  9:38  Drone x2  
  86  9:39  Drone x5  
  86  9:40  Lurker Den  
  92  9:55  Overlord x2  
  92  9:56  Extractor  
  92  9:57  Extractor  
  88  10:03  Hatchery  
  86  10:15  Zergling x14  
  83  10:28  Hydralisk  
  83  10:29  Hydralisk x3  
  83  10:30  Hydralisk x3  
  97  10:37  Zergling x2  
  97  10:39  Hydralisk  
  94  10:47  Spore Crawler  
  94  10:49  Hydralisk x3  
  85  10:56  Hydralisk  
  82  11:05  Spore Crawler  
  82  11:09  Hydralisk x2  
  85  11:14  Infestation Pit  
  84  11:19  Drone  
  84  11:23  Hydralisk  
  87  11:30  Hydralisk x2  
  91  11:34  Queen  
  91  11:53  Hydralisk x3  
  93  12:08  Hydralisk Den  
  93  12:09  Hydralisk x2  
  93  12:35  Infestation Pit  
  92  12:41  Spore Crawler  
  92  12:42  Drone x3  
  92  12:43  Spore Crawler  
  93  12:58  Hatchery  
Tags
 
Add a new tag
Caveats
  • Supply blocks, unpowered buildings, or Contaminate may cause inaccurate times.
  • Supply counts are checked every 10 seconds.